 Dungeon Crawl Stone Soup version 0.29-a0-334-gb41bcbb86e (webtiles) character file.

Game seed: 13886893723851508848

4508 spaghetti the Covert (level 10, -13/105 HPs)
             Began as a Demonspawn Delver on Apr 13, 2022.
             Was a Follower of Jiyva.
             Mangled by Erica
             ... wielding a +3 scimitar of flaming
              (14 damage)
             ... on level 8 of the Dungeon.
             The game lasted 00:12:59 (7917 turns).

spaghetti the Covert (Demonspawn Delver)            Turns: 7917, Time: 00:12:59

Health: -13/105    AC:  8    Str: 13    XL:     10   Next: 16%
Magic:  10/10      EV: 18    Int:  7    God:    Jiyva [*.....]
Gold:   381        SH:  0    Dex: 30    Spells: 2/9 levels left

rFire   . . .      SeeInvis .   O - +6 short sword (chaos) {short}
rCold   . . .      Faith    .   (no shield)
rNeg    . . .      Spirit   .   b - +0 leather armour
rPois   +          Reflect  .   v - +2 hat
rElec   +          Harm     .   (cloak unavailable)
rCorr   +          Rampage  .   (no gloves)
Will    .....                   I - +0 pair of boots
Stlth   ..........              (no amulet)
HPRegen 1.07/turn               d - ring of Girch {rPois Dex+6 Stlth+}
MPRegen 0.37/turn               w - ring "Gabeapli" {rElec rCorr Int-5 Dex+6}

@: berserking, slowed
A: slimy green scales 1, spiny 2, demonic magic 1, weakness stinger 3
a: Renounce Religion


You were on level 8 of the Dungeon.
You worshipped Jiyva.
Jiyva was aware of your devotion.
You visited 2 branches of the dungeon, and saw 9 of its levels.

You collected 381 gold pieces.


Innate Abilities, Weirdness & Mutations

You are partially covered in slimy green scales. (AC +2)
You are mostly covered in sharp spines.
Spells you cast may paralyse adjacent enemies.
You have a sharp stinger which inflicts weakening toxins.


   Skills:
 - Level 3.0 Fighting
 + Level 0.2(1.1) Short Blades
 - Level 1.7(1.8) Long Blades
 + Level 6.8 Dodging
 * Level 9.6 Stealth
 - Level 5.0 Conjurations
 + Level 2.4 Summonings
 * Level 5.4 Air Magic
 - Level 5.0 Poison Magic


You had 2 spell levels left.
You knew the following spells:

 Your Spells              Type           Power      Damage    Failure   Level
a - Mephitic Cloud        Conj/Pois/Air  7%         N/A       22%         3
b - Summon Lightning Spi  Summ/Air       5%         N/A       77%         4

Your spell library contained the following spells:

 Spells                   Type           Power      Damage    Failure   Level
 Airstrike                Air            3%         N/A       54%         4
 Ignite Poison            Fire/Tmut/Pois 2%         N/A       67%         3
 Lightning Bolt           Conj/Air       3%         1d15      89%         5
 Freezing Cloud           Conj/Ice/Air   2%         6-21      99%         5

Inventory:

Hand Weapons
 a - a +0 falchion {long}
 r - a +2 dagger of protection {short}
   (You took it off a goblin on level 1 of the Dungeon)
 O - a +6 short sword of chaos (weapon) {short}
   (You took it off a wight on level 7 of the Dungeon)
 P - a +0 short sword of protection {short}
   (You took it off a wight on level 7 of the Dungeon)
 Q - a +4 flail of freezing {mace}
   (You took it off a wight on level 7 of the Dungeon)
 R - a +2 hand axe of freezing {axe}
   (You took it off an orc on level 7 of the Dungeon)
 S - a +0 short sword of electrocution {short}
   (You took it off a kobold on level 7 of the Dungeon)
Missiles
 k - 9 boomerangs (quivered) {throwing}
 n - 200 stones {throwing}
 J - 17 poisoned darts {throwing}
 K - a curare-tipped dart {=fthrowing}
Armour
 b - a +0 leather armour (worn)
 v - a +2 hat (worn)
   (You found it on level 3 of the Dungeon)
 G - the +0 plate armour of Midsummer {rElec rPois Str+3}
   (You found it on level 6 of the Dungeon)

   Str:       It affects your strength (+3).
   rElec:     It insulates you from electricity.
   rPois:     It protects you from poison.
 I - a +0 pair of boots (worn)
   (You found it on level 6 of the Dungeon)
Jewellery
 d - the ring of Girch (left hand) {rPois Dex+6 Stlth+}
   (You found it on level 5 of the Dungeon)

   [ring of dexterity]

   Dex:       It affects your dexterity (+6).
   rPois:     It protects you from poison.
   Stlth:     It makes you more stealthy.
 w - the ring "Gabeapli" (right hand) {rElec rCorr Int-5 Dex+6}
   (You found it on level 3 of the Dungeon)

   [ring of dexterity]

   Int:       It affects your intelligence (-5).
   Dex:       It affects your dexterity (+6).
   rElec:     It insulates you from electricity.
   rCorr:     It protects you from acid and corrosion.
 D - a +6 ring of strength
   (You found it on level 5 of the Dungeon)
 L - a ring of willpower
   (You found it on level 7 of the Dungeon)
Wands
 g - a wand of digging (3)
 M - a wand of iceblast (5)
   (You found it on level 7 of the Dungeon)
Scrolls
 c - 2 scrolls of fog
 e - a scroll of fear
 h - 4 scrolls of vulnerability {!r!r}
 j - 2 scrolls of enchant armour
 l - 2 scrolls of noise {!r}
 o - a scroll of amnesia
 t - 4 scrolls of teleportation {@r4}
 y - a scroll of magic mapping {!r}
Potions
 f - 3 potions of haste {@q3}
 i - 2 potions of lignification {!q}
 m - a potion of berserk rage {!q}
 p - 3 potions of flight
 q - a potion of ambrosia {unknown}
 s - 2 potions of heal wounds {unknown}
 u - 3 potions of mutation {unknown}
 x - 4 potions of invisibility {unknown}
 z - 2 potions of attraction {unknown}
 A - a potion of cancellation
 B - 5 potions of curing {@q1}
 C - 6 potions of degeneration {unknown}
 E - 2 potions of brilliance {unknown}
 T - a potion of experience {unknown}

Dungeon Overview and Level Annotations

Branches:
Dungeon (8/15)             Temple (1/1) D:6
   Lair: D:8-11

Altars:
Ashenzari
Cheibriados
Dithmenos
Elyvilon
Fedhas
Gozag
Hepliaklqana
Kikubaaqudgha
Makhleb
Nemelex Xobeh
Okawaru
Qazlal
Ru
Sif Muna
Trog
Uskayaw
Vehumet
Wu Jian
Xom
Yredelemnul
The Shining One
Jiyva

Shops:
D:6 :

Annotations:
D:2 exclusion: gnoll
D:8 Erica

#.#..........
#..........###
#..#######....
#..#....$#..#
#..#.....#..#
#..'.._..#..#
#..#.....#..#
#..#.....#..#
#.@#######....
#...{..........
########.#.#...
...##.. ##.# ..


There were no monsters in sight!


Message History

Your hp is fully restored (70).
You hear a distant slurping noise.
You hear a distant slurping noise.
You hear a squelching noise.
Key pressed, stopping explore.
You open the door.
There is an open door here.
You hear the quick creaking of a portcullis very nearby.
Jiyva begins accelerating your health and magic regeneration.
Jiyva says: Divide and consume!
Found a radiant altar of Vehumet.
You open the door.
There is an open door here.
You hear the loud creaking of a very distant portcullis.
You now have 372 gold pieces (gained 12).
You now have 381 gold pieces (gained 9).
Erica the Fiery-Tempered comes into view.
She is wielding a +3 scimitar of flaming.
Erica is nearby!
Erica is nearby!
Unknown command.
Erica is nearby!
Erica is nearby!
Erica shouts!
There is an open door here.
You closely miss Erica. You tail-slap Erica!
Erica looks weaker.
Erica hits you with a +3 scimitar of flaming.
Erica burns you. 😕 HP[-8]
You take 8 damage, and now have 62/70 hp.
You hit Erica. You tail-slap Erica.
You hear a distant slurping noise. x2
Erica misses you. 😕 HP[+1]
You barely miss Erica. You tail-slap Erica.
You hear a distant slurping noise.
You hear a squelching noise.
Erica casts a spell at you. The bolt of poison hits you!
You are poisoned.
You resist. 😕 HP[-7]
You take 7 damage, and now have 56/70 hp.
You puncture Erica!
Erica seems to grow stronger.
You feel very sick.
Erica gestures wildly while chanting.
Erica flickers and vanishes!
Deactivating autopickup; reactivate with Ctrl-A. 😕 HP[-2]
You take 2 damage, and now have 54/70 hp.
You closely miss something.
You feel very sick. Something hits you. Something burns you. 😮 HP[-5]
You take 5 damage, and now have 49/70 hp.
You closely miss something.
You feel sick. Something hits you. Something burns you.
You hear a distant slurping noise. 😮 HP[-5]
You take 5 damage, and now have 44/70 hp.
You miss something.
You feel sick.
You hear some strange, mumbled words.
You feel yourself slow down.
You puncture something!
You feel sick. Something hits you!
* * * LOW HITPOINT WARNING * * *
Something burns you.
* * * LOW HITPOINT WARNING * * *
😨 HP[-11]
You take 11 damage, and now have 33/70 hp.
Really quaff
m - 2 potions of berserk rage {!q}?
A red film seems to cover your vision as you go berserk!
You feel yourself moving faster!
You feel mighty!
You feel sick. Something hits you.
* * * LOW HITPOINT WARNING * * *
Something burns you.
* * * LOW HITPOINT WARNING * * *
Something hits you!
* * * LOW HITPOINT WARNING * * *
Something burns you.
* * * LOW HITPOINT WARNING * * *
There is a strange disturbance nearby! 😨 HP[-1]
You now have 105 max hp (+35).
Unknown command.
You completely miss something.
You feel sick.
You hear some strange, mumbled words.
A lance of force appears from out of thin air!
The lance of force hits you!!
* * * LOW HITPOINT WARNING * * *
You are knocked back by the lance of force.
You slam into the rock wall!
* * * LOW HITPOINT WARNING * * *
😱 HP[-31]
You take 31 damage, and now have 1/105 hp.
MASSIVE DAMAGE!! (PAUSE) Unknown command.
Unknown command.
Unknown command.
You are too berserk!
You feel sick.
You are no longer poisoned.
Something hits you!
You die...

Skill      XL: |  1  2  3  4  5  6  7  8  9 10 |
---------------+-------------------------------+-----
Stealth        | 5 6 7 8 9 |  9.6
Dodging        | 2 3 4 5 6 |  6.8
Conjurations   | 2 3 4 5 |  5.0
Air Magic      | 2 3 5 |  5.4
Poison Magic   | 2 3 5 |  5.0
Summonings     | 2 |  2.4
Fighting       | |  3.0
Short Blades   | |  0.2
Long Blades    | |  1.7

Action                   |  1- 3 |  4- 6 |  7- 9 | 10-12 || total
-------------------------+-------+-------+-------+-------++-------
Melee: Falchion          |    49 |       |       |       ||    49
       Punch             |     1 |     2 |     2 |     2 ||     7
       Dagger            |    37 |   112 |   184 |    25 ||   358
       Tailslap          |       |    23 |    27 |    12 ||    62
       Short sword       |       |       |       |    44 ||    44
 Cast: Mephitic Cloud    |       |       |     2 |       ||     2
  Use: Scroll            |     1 |     7 |     2 |     3 ||    13
       Potion            |     2 |     2 |     2 |     1 ||     7
 Stab: Sleeping          |    14 |    13 |    23 |       ||    50
       Confused          |       |       |     4 |       ||     4
       Paralysed         |       |       |     1 |       ||     1
Armor: Leather armour    |    35 |    24 |    57 |     3 ||   119
Dodge: Dodged            |    58 |    45 |   143 |    39 ||   285

Levels and vault maps discovered:
D:1:      co_arrival_square_in_a_square_in_a_square, layout_basic,
          shapermc_ecumenical_altar_totnotflames
D:2:      layout_basic, bh_walls_and_bars
D:3:      layout_basic
D:4:      layout_basic, grunt_temple_overflow_opulence,
          nicolae_overflow_hidden_temple, uniq_edmund
D:5:      minmay_spotlight, layout_basic, yredelemnul_altar_generic
D:6:      layout_cave_pods, xom_confusion_cloud, mainiacjoe_overflow_alcove_2,
          minmay_temple_entry_from_below_b, serial_shops, shop,
          grunt_ministairs_7
D:7:      minmay_thinvault, layout_basic
D:8:      layout_basic, mainiacjoe_overflow_alcove_1,
          mainiacjoe_overflow_concentric_impassable, amcnicky_altar_gilded,
          kennysheep_mini_moat, enter_bailey_8, chequers_big_river, uniq_erica
Temple:   pf_slimified_temple

Notes
Turn   | Place    | Note
-------+----------+-------------------------------------------
     0 | D:5      | spaghetti the Demonspawn Delver began the quest for the
                  | Orb.
     0 | D:5      | Reached XP level 1. HP: 18/18 MP: 1/1
     0 | D:5      | magus.rc [v1.9.6]
     7 | D:5      | Identified the ring of Girch {rPois Dex+6 Stlth+}
    63 | D:4      | Found a hazy altar of Hepliaklqana.
    67 | D:4      | Found a shimmering blue altar of Sif Muna.
   361 | D:1      | Reached skill level 5 in Stealth
   361 | D:1      | Gained mutation: Spells you cast may paralyse adjacent
                  | enemies. [demonic ancestry]
   361 | D:1      | Reached XP level 2. HP: 21/24 MP: 2/2
   748 | D:1      | Gained mutation: You are partially covered in sharp spines.
                  | [demonic ancestry]
   748 | D:1      | Reached XP level 3. HP: 25/29 MP: 3/3
  1096 | D:1      | Found a faded altar of an unknown god.
  1106 | D:1      | Reached skill level 2 in Dodging
  1333 | D:2      | Gained mutation: You have a small tail. [demonic ancestry]
  1333 | D:2      | Reached XP level 4. HP: 12/35 MP: 4/4
  1691 | D:2      | Reached skill level 3 in Dodging
  1691 | D:2      | Reached skill level 6 in Stealth
  1768 | D:2      | Reached XP level 5. HP: 41/41 MP: 5/5
  2384 | D:3      | Identified the ring "Gabeapli" {rElec rCorr Int-5 Dex+6}
  2962 | D:4      | Reached skill level 4 in Dodging
  2962 | D:4      | Gained mutation: You have a tail ending in a sharp stinger.
                  | [demonic ancestry]
  2962 | D:4      | Reached XP level 6. HP: 31/47 MP: 6/6
  3213 | D:4      | Noticed Edmund
  3231 | D:4      | HP: 11/47 [poisoned by Edmund]
  3234 | D:4      | Killed Edmund
  3235 | D:4      | Reached skill level 7 in Stealth
  3617 | D:4      | Noticed an ice beast
  3637 | D:4      | Killed an ice beast
  3638 | D:4      | Reached XP level 7. HP: 52/52 MP: 7/7
  3690 | D:4      | Found a sparkling altar of Nemelex Xobeh.
  3690 | D:4      | Found an opulent altar of Gozag.
  3870 | D:5      | You add the spells Ignite Poison, Mephitic Cloud and
                  | Freezing Cloud to your library.
  3881 | D:5      | Learned a level 3 spell: Mephitic Cloud
  4061 | D:5      | Found a basalt altar of Yredelemnul.
  4079 | D:5      | Reached skill level 1 in Conjurations
  4079 | D:5      | Reached skill level 1 in Air Magic
  4079 | D:5      | Reached skill level 1 in Poison Magic
  4128 | D:5      | Reached skill level 5 in Dodging
  4495 | D:5      | Noticed a shadow
  4505 | D:5      | Killed a shadow
  4506 | D:5      | Reached skill level 2 in Conjurations
  4506 | D:5      | Reached skill level 2 in Air Magic
  4506 | D:5      | Reached skill level 2 in Poison Magic
  4506 | D:5      | Gained mutation: You are partially covered in slimy green
                  | scales. (AC +2) [demonic ancestry]
  4506 | D:5      | Reached XP level 8. HP: 58/58 MP: 8/8
  4617 | D:5      | Reached skill level 8 in Stealth
  4806 | D:6      | Found Tacw's Book Shop.
  4817 | D:6      | Reached skill level 3 in Conjurations
  4817 | D:6      | Reached skill level 3 in Poison Magic
  5000 | D:6      | Found a staircase to the Ecumenical Temple.
  5059 | D:6      | Reached skill level 3 in Air Magic
  5068 | D:6      | Identified the +0 plate armour of Midsummer {rElec rPois
                  | Str+3}
  5328 | D:6      | Reached skill level 6 in Dodging
  5380 | D:6      | Found a shimmering altar of Xom.
  5391 | D:6      | Gained mutation: You are mostly covered in sharp spines.
                  | [demonic ancestry]
  5391 | D:6      | Reached XP level 9. HP: 55/63 MP: 9/9
  5503 | D:6      | Found a broken altar of Ashenzari.
  5949 | D:7      | Reached skill level 4 in Conjurations
  5949 | D:7      | Reached skill level 4 in Poison Magic
  6122 | D:7      | You pick up a book of Storms and begin reading...
  6122 | D:7      | You add the spells Airstrike, Summon Lightning Spire and
                  | Lightning Bolt to your library.
  6186 | D:7      | Learned a level 4 spell: Summon Lightning Spire
  6281 | D:7      | Noticed a two-headed ogre
  6288 | D:7      | Reached skill level 4 in Air Magic
  6303 | D:7      | Killed a two-headed ogre
  6304 | D:7      | Reached skill level 9 in Stealth
  6304 | D:7      | Reached skill level 1 in Summonings
  6685 | D:7      | Reached skill level 5 in Air Magic
  6685 | D:7      | Reached skill level 5 in Poison Magic
  6779 | D:7      | Reached skill level 2 in Summonings
  6779 | D:7      | Gained mutation: You have a sharp stinger which inflicts
                  | weakening toxins. [demonic ancestry]
  6779 | D:7      | Reached XP level 10. HP: 70/70 MP: 10/10
  6797 | D:7      | Reached skill level 5 in Conjurations
  7144 | Temple   | Entered the Ecumenical Temple
  7261 | Temple   | Became a worshipper of Jiyva Jarech the Shapeless
  7707 | D:8      | Found an ornate altar of the Wu Jian Council.
  7777 | D:8      | Found an iron altar of Okawaru.
  7855 | D:8      | Reached * piety under Jiyva
  7888 | D:8      | Found a radiant altar of Vehumet.
  7900 | D:8      | Noticed Erica
  7916 | D:8      | HP: 13/105 [something/lance of force (19)]
  7916 | D:8      | HP: 1/105 [something (12)]
  7917 | D:8      | Mangled by Erica

Vanquished Creatures
  A two-headed ogre (D:7)
  A hornet (D:7)
  A shadow (D:5)
  Edmund (D:4)
  2 water moccasins
  2 black bears
  An orc warrior (D:8)
  2 sky beasts
  3 ice beasts
  3 ogres
  3 centaurs (D:6)
  A phantom (D:7)
  3 kobold brigands
  A gnoll sergeant (D:7)
  5 scorpions
  3 necrophages
  5 wights (D:7)
  2 killer bees (D:8)
  2 electric eels (D:8)
  2 howler monkeys (D:5)
  7 hounds
  4 orc priests
  An orc wizard (D:8)
  7 iguanas
  4 gnolls (D:2)
  6 adders
  2 white imps (D:7)
  An ufetubus (D:5)
  A worm (D:4)
  A dart slug (D:2)
  23 orcs
  6 bats
  11 endoplasms
  3 giant cockroaches
  5 hobgoblins
  3 jackals (D:2)
  18 kobolds
  5 quokkas
  9 ball pythons
  A frilled lizard (D:1)
  6 goblins (D:1)
  6 rats
174 creatures vanquished.

Vanquished Creatures (others)
  A steam dragon (D:8)
  A killer bee (D:8)
  A jelly (D:8)
  An orc priest (D:6)
  2 iguanas (D:6)
  An orc wizard (D:6)
  3 kobolds (D:8)
  5 plants (D:8)
15 creatures vanquished.

Grand Total: 189 creatures vanquished

Table legend:
 A = Non-vault XP
 B = Vault XP
 C = Vault XP percentage of total XP
 D = Non-vault monster count
 E = Vault monster count
 F = Vault count percentage of total count
                 A         B        C        D         E       F
            +---------+---------+-------+---------+---------+-------
      Total |    4657 |    1783 |  27.7 |     153 |      22 |  12.6
            +---------+---------+-------+---------+---------+-------
        D:1 |      56 |       0 |   0.0 |      34 |       0 |   0.0
        D:2 |     151 |       0 |   0.0 |      21 |       0 |   0.0
        D:3 |      23 |       0 |   0.0 |       7 |       0 |   0.0
        D:4 |     380 |     164 |  30.1 |      20 |       1 |   4.8
        D:5 |     600 |     481 |  44.5 |      14 |       4 |  22.2
        D:6 |     817 |     313 |  27.7 |      15 |       7 |  31.8
        D:7 |    2036 |     825 |  28.8 |      27 |      10 |  27.0
        D:8 |     594 |       0 |   0.0 |      15 |       0 |   0.0
            +---------+---------+-------+---------+---------+-------

Illustrated notes

Table legend:
 A = Kills in this place as a percentage of kills in entire the game.
 B = Kills by you in this place as a percentage of kills by you in the entire game.
 C = Kills by friends in this place as a percentage of kills by friends in the entire game.
 D = Other kills in this place as a percentage of other kills in the entire game.
 E = Experience gained in this place as a percentage of experience gained in the entire game.
 F = Experience gained in this place divided by the number of levels of this place that you have seen.
                   A       B       C       D       E      F
               +-------+-------+-------+-------+-------+----------------------
         Total | 100.0 | 100.0 |   N/A | 100.0 | 100.0 | 715.6
       Dungeon | 100.0 | 100.0 |   N/A | 100.0 | 100.0 | 805.0
               +-------+-------+-------+-------+-------+----------------------

Table legend: (Time is in decaauts)
 A = Elapsed time spent in this place.
 B = Non-inter-level travel time spent in this place.
 C = Inter-level travel time spent in this place.
 D = Time resting spent in this place.
 E = Time spent auto-exploring this place.
 F = Levels seen in this place.
 G = Mean time per level.
                   A        B        C        D        E       F      G
               +--------+--------+--------+--------+--------+-----+--------+
         Total |   7940 |   7506 |    434 |   1181 |   5046 |   9 |  882.2 |
       Dungeon |   7809 |   7389 |    420 |   1181 |   4968 |   8 |  976.1 |
        Temple |    130 |    117 |     13 |      0 |     78 |   1 |  130.0 |
               +--------+--------+--------+--------+--------+-----+--------+

Top non-repeatable levels by time:
     D:4: 1337 daAuts
     D:6: 1275 daAuts
     D:7: 1229 daAuts
     D:1: 965 daAuts
     D:5: 924 daAuts
     D:3: 841 daAuts
     D:2: 706 daAuts
     D:8: 529 daAuts
  Temple: 130 daAuts
